 Dungeon Crawl Stone Soup version 0.30-a0-879-ga8ba668304 (webtiles) character file.

Game seed: 3740052883817695639

5744 Firecrotchwizard the Carver (level 10, -7/67 HPs)
             Began as a Tengu Berserker on Mar 13, 2023.
             Was an Elder of Trog.
             Mangled by a two-headed ogre
             ... wielding a +0 giant club
              (12 damage)
             ... on level 9 of the Dungeon.
             The game lasted 00:23:36 (9218 turns).

Firecrotchwizard the Carver (Tengu Berserker)       Turns: 9218, Time: 00:23:37

Health: -7/67      AC: 12    Str: 22    XL:     10   Next: 77%
Magic:  11/11      EV: 10    Int:  7    God:    Trog [****..]
Gold:   543        SH:  0    Dex: 14    Spells: 9/9 levels left

rFire   . . .      SeeInvis .    a - +0 falchion
rCold   . . .      Faith    .    (no shield)
rNeg    . . .      Spirit   .    d - +0 chain mail
rPois   .          Reflect  .    (helmet restricted)
rElec   .          Rampage  .    j - +0 cloak
rCorr   .                        r - +1 pair of gloves
Will    .....                    (boots unavailable) Stlth
                                 (no amulet)
HPRegen 0.31/turn                (no ring)
MPRegen 0.12/turn                (no ring)

@: on berserk cooldown, flying quickly and evasively, slowed, very slow
A: beak, talons 3, nimble flight
a: Renounce Religion, Berserk, Trog's Hand, Brothers in Arms


You were on level 9 of the Dungeon.
You worshipped Trog.
Trog was greatly pleased with you.
You visited 1 branch of the dungeon, and saw 9 of its levels.

You collected 543 gold pieces.

Inventory:

Hand Weapons
 a - a +0 falchion (weapon)
Missiles
 b - 6 poisoned darts
 e - 11 boomerangs
 k - 2 curare-tipped darts
 s - 84 stones (quivered)
Armour
 d - a +0 chain mail (worn)
   (You found it on level 4 of the Dungeon)
 j - a +0 cloak (worn)
   (You found it on level 1 of the Dungeon)
 q - an orb of mayhem
   (You found it on level 8 of the Dungeon)
 r - a +1 pair of gloves (worn)
   (You found it on level 3 of the Dungeon)
Jewellery
 c - a ring of ice {rC+, rF-}
   (You found it on level 4 of the Dungeon)
Wands
 h - a wand of acid (10)
   (You found it on level 8 of the Dungeon)
 t - a wand of roots (16)
   (You took it off Grinder on level 3 of the Dungeon)
Scrolls
 i - a scroll of fear {unknown}
 p - a scroll of brand weapon {unknown}
 D - a scroll of blinking {!r}
 V - 2 scrolls of vulnerability {!r!r}
 X - a scroll of magic mapping {@r4!r}
Potions
 f - a potion of haste {unknown}
 g - a potion of magic {unknown}
 l - a potion of cancellation {unknown}
 m - 3 potions of attraction {!q}
 n - a potion of might {unknown}
 u - a potion of flight {unknown}
 B - 5 potions of brilliance
 G - 2 potions of ambrosia {!q}
 J - 2 potions of curing {@q1}
 N - 3 potions of heal wounds {@q2}
 P - 3 potions of lignification {!q}
 U - 3 potions of mutation {!q}


   Skills:
 + Level 9.7 Fighting
 - Level 14.0 Long Blades
 + Level 3.1 Armour
 + Level 3.1 Dodging


You had 9 spell levels left.
You didn't know any spells.
Your spell library was empty.

Dungeon Overview and Level Annotations

Branches:
Dungeon (9/15)             Temple (0/1) D:5
   Lair: D:8-11         Orc: D:9-12

Altars:
Ashenzari
Dithmenos
Okawaru
Ru
Trog
Wu Jian
Xom
The Shining One

Shops:
D:3 [   D:4 *

Annotations:
D:4 exclusion: door


Innate Abilities, Weirdness & Mutations

You have a beak for a mouth.
You have claws for feet.
Your magical nature lets you fly swiftly and evasively.


Message History

The orc warrior barely misses you.
You regained 25 hp, and now have 55/66 hp.
You barely miss the kobold brigand.
You feel sick. The water moccasin closely misses you.
You take 2 damage, and have 53/66 hp.
You hit the kobold brigand but do no damage.
You feel very sick.
The orc warrior hits you with a +0 scimitar!
The kobold brigand misses you. The water moccasin closely misses you.
You take 16 damage, and have 37/66 hp.
MASSIVE DAMAGE!!
A red film seems to cover your vision as you go berserk!
You feel yourself moving faster!
You feel mighty!
You can no longer call in reinforcements.
You feel very sick. The water moccasin barely misses you.
The kobold brigand hits you but does no damage.
You are more poisoned.
The orc warrior barely misses you.
You now have 52/99 hp.
You slash the kobold brigand!
You feel sick. The water moccasin barely misses you.
You closely miss the kobold brigand. Your peck misses the kobold brigand.
You feel sick.
The kobold brigand hits you with a +0 short sword of venom.
You are more poisoned.
The orc warrior hits you but does no damage.
You take 6 damage, and have 46/99 hp.
You closely miss the kobold brigand. You peck the kobold brigand.
You kill the kobold brigand!
Trog accepts your kill.
You feel very sick. The water moccasin barely misses you.
You take 3 damage, and have 43/99 hp.
You closely miss the water moccasin. Your kick misses the water moccasin.
Your peck misses the water moccasin.
You feel sick.
You take 2 damage, and have 41/99 hp.
You completely miss the water moccasin. You claw the water moccasin!!
You feel very sick. The water moccasin closely misses you.
The orc warrior barely misses you.
You take 3 damage, and have 38/99 hp.
You closely miss the water moccasin. You claw the water moccasin!
You kill the water moccasin!
Trog accepts your kill.
You feel sick.
Your Dodging skill increases to level 3!
You take 1 damage, and have 37/100 hp.
You closely miss the orc warrior. Your kick misses the orc warrior.
Your peck misses the orc warrior.
You feel sick.
The orc warrior hits you with a +0 scimitar!
* * * LOW HITPOINT WARNING * * *
You take 9 damage, and have 28/100 hp.
You slash the orc warrior!
You claw the orc warrior, but do no damage.
You feel sick.
You take 1 damage, and have 27/100 hp.
You hit the orc warrior. Your kick misses the orc warrior.
You feel sick.
You take 2 damage, and have 25/100 hp.
You hit the orc warrior.
You feel sick. The orc warrior barely misses you.
You take 2 damage, and have 23/100 hp.
You hit the orc warrior.
You feel sick.
You take 2 damage, and have 21/100 hp.
You slash the orc warrior! You claw the orc warrior.
You kill the orc warrior!
Trog accepts your kill.
You can now call in reinforcements.
You feel sick.
Your Armour skill increases to level 3!
You feel sick.
s - 84 stones (gained 17);
B - 5 potions of brilliance (gained 2)
You now have 543 gold pieces (gained 36).
Items here: ))) [ †.
You feel sick.
A two-headed ogre comes into view. It is wielding two +0 giant clubs.
You take 3 damage, and have 18/100 hp.
You feel a strong urge to attack something.
You are no longer berserk.
You are exhausted.
You feel yourself slow down.
You feel sick.
You now have 11/67 hp.
You feel very sick.
You take 3 damage, and have 8/67 hp.
You feel sick.
You take 1 damage, and have 7/67 hp.
You feel sick.
You take 1 damage, and have 6/67 hp.
You feel sick.
Okay, then.
Aim: a two-headed ogre, wielding two +0 giant clubs (86% to hit)
The bolt of acid hits the two-headed ogre!
You feel sick.
You are no longer poisoned.
You take 2 damage, and have 4/67 hp.
Okay, then.
You hit the two-headed ogre. You claw the two-headed ogre!
You hit the two-headed ogre. Your peck misses the two-headed ogre.
The two-headed ogre barely misses you.
The two-headed ogre hits you with a +0 giant club!
You die...

#.# #..# #.#
#..# #.#
#..# #.#
#..# #.#
#..# #.#
#..# #.#
#..#
#.#####..#
#.......@#
#......O.#
#........#
#...))...#
#........#
#........#
#........# .
#........#
#.#.......##


You could see a two-headed ogre.

Vanquished Creatures
  A two-headed ogre (D:8)
  2 trolls (D:9)
  Grinder (D:3)
  A wyvern (D:8)
  A wraith (D:9)
  2 steam dragons
  Menkaure (D:6)
  5 water moccasins
  2 orc warriors
  A black bear (D:5)
  An ice beast (D:5)
  3 ogres
  6 centaurs
  A phantom (D:6)
  5 kobold brigands
  4 bullfrogs
  5 gnoll sergeants
  2 scorpions
  A jelly (D:5)
  6 killer bees (D:9)
  2 howler monkeys (D:8)
  3 hounds
  2 orc priests
  3 iguanas
  A gnoll bouda (D:4)
  6 orc wizards
  16 gnolls
  5 adders
  A shadow imp (D:5)
  4 white imps
  2 ufetubi
  2 worms
  A dart slug (D:1)
  24 orcs
  6 ball pythons
  8 bats
  6 endoplasms
  4 giant cockroaches
  7 hobgoblins
  4 jackals (D:1)
  A quokka (D:1)
  A frilled lizard (D:3)
  16 goblins
  15 kobolds
  4 rats
195 creatures vanquished.

Notes
Turn   | Place    | Note
-------+----------+-------------------------------------------
     0 | D:1      | Firecrotchwizard the Tengu Berserker began the quest for
                  | the Orb.
     0 | D:1      | Reached XP level 1. HP: 14/14 MP: 2/2
   147 | D:1      | Reached XP level 2. HP: 18/19 MP: 3/3
   259 | D:1      | Reached skill level 4 in Long Blades
   259 | D:1      | Reached XP level 3. HP: 23/23 MP: 4/4
   438 | D:1      | HP: 5/23 [bat (1)]
   593 | D:1      | Reached ** piety under Trog
  1139 | D:2      | Reached XP level 4. HP: 28/28 MP: 5/5
  1251 | D:2      | Found an iron altar of Okawaru.
  1519 | D:3      | Found Dyozif's Antique Armour Shoppe.
  1693 | D:3      | Found a shimmering altar of Xom.
  1776 | D:3      | HP: 6/29 [something (2)]
  1781 | D:3      | Reached skill level 5 in Long Blades
  1781 | D:3      | HP: 1/43 [something/puff of flame (7)]
  1783 | D:3      | Reached skill level 4 in Fighting
  1783 | D:3      | Gained mutation: Your magical nature lets you fly swiftly
                  | and evasively. [Tengu growth]
  1783 | D:3      | Reached XP level 5. HP: 3/33 MP: 6/6
  2077 | D:3      | Noticed Grinder
  2089 | D:3      | Killed Grinder
  2090 | D:3      | Reached skill level 6 in Long Blades
  2090 | D:3      | Reached XP level 6. HP: 30/39 MP: 7/7
  2553 | D:4      | Reached skill level 7 in Long Blades
  2630 | D:4      | Found Sabref's Overcharged Wands.
  2904 | D:4      | Noticed a hornet
  2986 | D:5      | Entered Level 5 of the Dungeon
  2999 | D:4      | Reached XP level 7. HP: 43/44 MP: 8/8
  3014 | D:4      | Reached skill level 5 in Fighting
  3165 | D:5      | Reached *** piety under Trog
  3212 | D:5      | Found a broken altar of Ashenzari.
  3266 | D:5      | Found a glowing golden altar of the Shining One.
  3463 | D:5      | Reached skill level 8 in Long Blades
  3605 | D:5      | Reached XP level 8. HP: 30/51 MP: 9/9
  3813 | D:5      | Found a staircase to the Ecumenical Temple.
  3816 | D:5      | Found an ornate altar of the Wu Jian Council.
  3826 | D:5      | HP: 11/51 [acid (2)]
  3831 | D:5      | HP: 11/51 [ufetubus (1)]
  4051 | D:5      | Reached skill level 6 in Fighting
  4203 | D:5      | Reached skill level 9 in Long Blades
  4315 | D:5      | Found a sacrificial altar of Ru.
  4687 | D:6      | Noticed Menkaure
  4847 | D:6      | Reached skill level 10 in Long Blades
  4945 | D:6      | Killed Menkaure
  5126 | D:6      | Reached skill level 7 in Fighting
  5271 | D:6      | Reached XP level 9. HP: 57/57 MP: 10/10
  5488 | D:6      | Reached skill level 11 in Long Blades
  6662 | D:7      | Reached skill level 8 in Fighting
  6804 | D:7      | Reached skill level 12 in Long Blades
  7445 | D:8      | Noticed a two-headed ogre
  7450 | D:8      | Killed a two-headed ogre
  7451 | D:8      | Reached XP level 10. HP: 65/65 MP: 11/11
  7496 | D:8      | Found a shadowy altar of Dithmenos.
  7528 | D:8      | Reached skill level 13 in Long Blades
  7947 | D:8      | Reached **** piety under Trog
  8046 | D:8      | Found a bloodstained altar of Trog.
  8084 | D:8      | Reached skill level 9 in Fighting
  8655 | D:9      | HP: 24/99 [killer bee (2)]
  8861 | D:9      | Reached skill level 14 in Long Blades
  9203 | D:9      | Reached skill level 3 in Dodging
  9205 | D:9      | HP: 25/100 [poisoned by a kobold brigand]
  9209 | D:9      | Reached skill level 3 in Armour
  9210 | D:9      | HP: 18/100 [poisoned by a kobold brigand]
  9210 | D:9      | Noticed a two-headed ogre
  9212 | D:9      | HP: 8/67 [poisoned by a kobold brigand]
  9218 | D:9      | Mangled by a two-headed ogre

Illustrated notes

Levels and vault maps discovered:
D:1:      spicycebolla_arrival_ecumenical, layout_basic, grunt_decor_junction,
          st_stairs_12
D:2:      minmay_skewed_foursquare, layout_rooms, basic_altar
D:3:      layout_loops_cross, lemuel_crystal_altar, serial_shops,
          nicolae_shop_advertising_works [nicolae_subvault_shop_adworks],
          uniq_grinder
D:4:      minmay_chambers_of_fours, layout_rooms, nicolae_shop_overcharged_wands
D:5:      layout_basic, nicolae_tso_carved_into_rock,
          mainiacjoe_overflow_surrounded_room, mainiacjoe_overflow_tiny_flanked,
          nicolae_ru_the_path_less_chosen, minmay_temple_entry_drinking_statues
D:6:      nicolae_BIG_FREAKIN_CUBE, layout_loops_ring, uniq_menkaure
D:7:      layout_basic, enter_bailey_5
D:8:      layout_basic, mainiacjoe_overflow_concentric_impassable,
          mainiacjoe_overflow_alcove_1
D:9:      minmay_imperfect_grid, layout_irregular_city,
          grunt_lair_entry_orc_guard_hut, ebering_ghost_rock_garden,
          lightli_minifort

Skill      XL: |  1  2  3  4  5  6  7  8  9 10 |
---------------+-------------------------------+-----
Long Blades    | 4 5 6 7 8 10 12 14 | 14.0
Fighting       | 4 5 7 8 9 |  9.7
Dodging        | 3 |  3.1
Armour         | 3 |  3.1

Action                     |  1- 3 |  4- 6 |  7- 9 | 10-12 || total
---------------------------+-------+-------+-------+-------++-------
  Melee: Falchion          |    76 |   106 |   326 |   171 ||   679
         Peck              |     9 |    14 |    67 |    31 ||   121
         Kick              |    14 |    21 |   107 |    59 ||   201
         Punch             |       |     1 |     1 |     1 ||     3
  Throw: Stone             |    30 |     5 |       |       ||    35
 Invoke: Berserk           |     1 |     3 |     7 |     4 ||    15
         Trog's Hand       |       |     3 |     2 |     2 ||     7
  Evoke: Wand              |       |       |     1 |     5 ||     6
    Use: Scroll            |       |     7 |     8 |     2 ||    17
         Potion            |       |       |       |     5 ||     5
   Stab: Sleeping          |     1 |       |       |       ||     1
 Armour: Animal skin       |    20 |       |       |       ||    20
         Ring mail         |       |    19 |       |       ||    19
         Chain mail        |       |     9 |   162 |    93 ||   264
  Dodge: Dodged            |    59 |    51 |   158 |   112 ||   380

Table legend: (Time is in decaauts)
 A = Elapsed time spent in this place.
 B = Non-inter-level travel time spent in this place.
 C = Inter-level travel time spent in this place.
 D = Time resting spent in this place.
 E = Time spent auto-exploring this place.
 F = Levels seen in this place.
 G = Mean time per level.
                   A        B        C        D        E       F      G
               +--------+--------+--------+--------+--------+-----+--------+
         Total |   8813 |   8559 |    254 |   1856 |   5015 |   9 |  979.2 |
       Dungeon |   8813 |   8559 |    254 |   1856 |   5015 |   9 |  979.2 |
               +--------+--------+--------+--------+--------+-----+--------+

Top non-repeatable levels by time:
     D:5: 1463 daAuts
     D:7: 1328 daAuts
     D:6: 1229 daAuts
     D:8: 1150 daAuts
     D:1: 954 daAuts
     D:3: 856 daAuts
     D:4: 685 daAuts
     D:2: 591 daAuts
     D:9: 554 daAuts

Table legend:
 A = Kills in this place as a percentage of kills in the entire game.
 B = Kills by you in this place as a percentage of kills by you in the entire game.
 C = Kills by friends in this place as a percentage of kills by friends in the entire game.
 D = Other kills in this place as a percentage of other kills in the entire game.
 E = Experience gained in this place as a percentage of experience gained in the entire game.
 F = Experience gained in this place divided by the number of levels of this place that you have seen.
                   A       B       C       D       E      F
               +-------+-------+-------+-------+-------+----------------------
         Total | 100.0 | 100.0 |   N/A |   N/A | 100.0 | 911.9
       Dungeon | 100.0 | 100.0 |   N/A |   N/A | 100.0 | 911.9
               +-------+-------+-------+-------+-------+----------------------
